 Dungeon Crawl Stone Soup version 0.24.0-125-gc4c63601f3 (webtiles) character file.

Game seed: 2433631769597696574, levelgen mode: deterministic

38 H0rd4k the Charlatan (level 3, 0/26 HPs)
             Began as a Human Artificer on Mar 9, 2020.
             Slain by a gnoll
             ... wielding a +0 flail
              (7 damage)
             ... on level 2 of the Dungeon.
             The game lasted 00:01:39 (1123 turns).

H0rd4k the Charlatan (Human Artificer)              Turns: 1123, Time: 00:01:40

Health: 0/26       AC:  5    Str: 13    XL:     3   Next: 65%
Magic:  5/5        EV: 11    Int: 11    God:
Gold:   55         SH:  0    Dex: 13    Spells: 2/2 levels left

rFire    . . .     SeeInvis .   a - +0 short sword
rCold    . . .     Gourm    .   (no shield)
rNeg     . . .     Faith    .   m - +0 ring mail (curse)
rPois    .         Spirit   .   (no helmet)
rElec    .         Reflect  .   (no cloak)
rCorr    .         Harm     .   (no gloves)
MR       .....                  (no boots)
Stlth    +.........             (no amulet)
HPRegen  0.08/turn              (no ring)
MPRegen  0.09/turn              (no ring)

@: no status effects
A: no striking features
a: no special abilities


You were on level 2 of the Dungeon.
You were not hungry.

You visited 1 branch of the dungeon, and saw 2 of its levels.

You collected 55 gold pieces.

Inventory:

Hand Weapons
 a - a +0 short sword (weapon)
Missiles
 i - 5 poisoned darts (quivered)
Armour
 b - a +0 leather armour
 m - a cursed +0 ring mail (worn)
Jewellery
 g - a cursed -2 ring of strength {unknown}
Wands
 c - a wand of flame (15)
 d - a wand of enslavement (13)
 e - a wand of random effects (15)
Scrolls
 j - 3 scrolls of enchant weapon {unknown}
 k - a scroll of amnesia {unknown}
 l - a scroll of enchant armour {unknown}
 p - a scroll of teleportation {unknown}
 q - a scroll of immolation {unknown}
Potions
 h - 2 potions of heal wounds {unknown}
 n - a potion of haste {unknown}
 o - a potion of agility {unknown}
 r - a potion of cancellation {unknown}
Comestibles
 f - 5 rations


   Skills:
 + Level 1.1 Fighting
 + Level 1.8 Short Blades
 - Level 0.1 Armour
 + Level 2.6 Dodging
 - Level 1.0 Stealth
 + Level 3.5 Evocations


You had 2 spell levels left.
You didn't know any spells.
Your spell library was empty.

Dungeon Overview and Level Annotations

Branches:
Dungeon (2/15)

Altars:


Message History

The gnoll is lightly wounded.
The gnoll hits you from afar with a +0 spear.
The gnoll hits you from afar with a +0 halberd!
Evoke which item? (* to show all) (? for menu, Esc to quit)
Aiming: Enslavement
Press: ? - help, Shift-Dir - straight line, f - gnoll
Aim: a gnoll, wielding a +0 spear (chance to defeat MR: 65%)
The gnoll is charmed.
Your gnoll hits the gnoll with a +0 spear.
The gnoll hits you from afar with a +0 halberd.
* * * LOW HITPOINT WARNING * * *
Your gnoll misses the gnoll.
Evoke which item? (* to show all) (? for menu, Esc to quit)
Aiming: Enslavement
Press: ? - help, Shift-Dir - straight line, f - gnoll, p - gnoll
Aim: a gnoll, wielding a +0 halberd (moderately wounded, chance to defeat MR: 65%)
The gnoll struggles to resist.
Your gnoll hits the gnoll with a +0 spear!
The gnoll hits you with a +0 flail!
You die...

#. ##. ## # # ... .# .#
.##.##.##.# #.......$..#
########.# #..g...
#.......#####g#g#
#.......##..@.g.#
#.......##.##.###
.###........#.#..#
............#...#......#
####....รท......#########
#.........#.#
#...###.#.#.#
#.......#.#.#
##.#.###.....#


You could see 3 gnolls and a friendly gnoll.

Vanquished Creatures
  2 dart slugs (D:1)
  2 leopard geckos (D:1)
  4 bats (D:1)
  3 giant cockroaches (D:2)
  A goblin (D:2)
  2 hobgoblins
  3 jackals (D:1)
  6 kobolds (D:1)
  A frilled lizard (D:2)
  4 rats
28 creatures vanquished.

Notes
Turn   | Place    | Note
-------+----------+-------------------------------------------
     0 | D:1      | H0rd4k the Human Artificer began the quest for the Orb.
     0 | D:1      | Reached XP level 1. HP: 15/15 MP: 3/3
   218 | D:1      | Reached XP level 2. HP: 20/21 MP: 4/4
   375 | D:1      | Reached XP level 3. HP: 7/26 MP: 5/5
  1123 | D:2      | Slain by a gnoll

Levels and vault maps discovered:
D:1:      shiori_arrival_maze, layout_rooms
D:2:      layout_loops_cross, minmay_misc_feat_alley, minmay_pentomino_z4

Action                   || total
-------------------------++-------
Melee: Short sword       ||   142
Evoke: Wand              ||     2
 Stab: Sleeping          ||     1
  Eat: Chunk             ||     1
Armor: Leather armour    ||    26
       Ring mail         ||    17
Dodge: Dodged            ||   110
